 Dungeon Crawl Stone Soup version 0.30-a0-462-gd5975efbca (webtiles) character file.

Game seed: 15195645914854702394

1147 zishaf the Sneak (level 8, -1/43 HPs)
             Began as a Vine Stalker Brigand on Dec 16, 2022.
             Slain by a yak (9 damage)
             ... on level 4 of the Dungeon.
             The game lasted 00:10:58 (3500 turns).

zishaf the Sneak (Vine Stalker Brigand)             Turns: 3500, Time: 00:10:58

Health: -1/43      AC:  8    Str: 14    XL:     8   Next: 38%
Magic:  0/18       EV: 10    Int: 11    God:
Gold:   41         SH: 10    Dex: 18    Spells: 7/7 levels left

rFire   . . .      SeeInvis .    t - +3 dagger (venom)
rCold   . . .      Faith    .    i - +0 kite shield
rNeg    . . .      Spirit   +    p - +2 animal skin
rPois   .          Reflect  .    o - +0 helmet
rElec   .          Harm     .    c - +0 cloak
rCorr   .          Rampage  .    u - +0 pair of gloves
Will    ++...                    w - +0 pair of boots
Stlth   +++.......               (no amulet)
HPRegen 1.07/turn                b - ring of magical power
MPRegen 0.16/turn                v - ring of willpower

@: no status effects
A: fangs 3, regeneration 1, magic shield, antimagic bite, no potion heal 2
a: no special abilities


You were on level 4 of the Dungeon.
You visited 1 branch of the dungeon, and saw 4 of its levels.

You collected 209 gold pieces.
You spent 168 gold pieces at shops.

Inventory:

Hand Weapons
 a - a +2 dagger
 m - a +0 dagger of venom
 t - a +3 dagger of venom (weapon)
Missiles
 d - 10 poisoned darts (quivered)
 e - 3 curare-tipped darts
 s - 3 boomerangs
Armour
 c - a +0 cloak (worn)
 i - a +0 kite shield (worn)
 o - a +0 helmet (worn)
 p - a +2 animal skin (worn)
 u - a +0 pair of gloves (worn)
 w - a +0 pair of boots (worn)
 B - the +1 leather armour "Tovin" {Int+6}
   (You bought it in a shop on level 2 of the Dungeon)

   Int:       It affects your intelligence (+6).
 D - a +1 leather armour of cold resistance
Jewellery
 b - a ring of magical power (left hand)
 v - a ring of willpower (right hand)
Wands
 l - a wand of acid (5)
 q - a wand of flame (13)
 y - a wand of paralysis (2)
Scrolls
 g - a scroll of enchant weapon
 n - a scroll of magic mapping
 x - 2 scrolls of teleportation
Potions
 f - a potion of invisibility {unknown}
 h - 3 potions of brilliance
 j - a potion of magic {unknown}
 r - 3 potions of resistance
 z - 2 potions of mutation
 A - 3 potions of curing {unknown}
 C - a potion of lignification {unknown}


   Skills:
 + Level 5.2 Fighting
 + Level 5.1 Short Blades
 - Level 2.0 Throwing
 - Level 1.0 Dodging
 - Level 6.0 Stealth
 + Level 4.5 Shields


You had 7 spell levels left.
You didn't know any spells.
Your spell library contained the following spells:

 Spells                   Type           Power      Damage    Failure   Level
 Freeze                   Ice            0%         1d3       71%         1
 Frozen Ramparts          Ice            0%         1d1       97%         3
 Hailstorm                Conj/Ice       0%         3d3       97%         3


Dungeon Overview and Level Annotations

Branches:
Dungeon (4/15)
 Temple: D:4-7

Altars:
Elyvilon
Fedhas
Ru
Xom

Shops:
D:2 [

Annotations:
D:3 3 runed translucent doors, elongatedgoose's ghost, amateur SpCj


Innate Abilities, Weirdness & Mutations

You have razor-sharp teeth.
Your natural rate of healing is unusually fast.
When hurt, damage is shared between your health and your magic reserves.
Your bite disrupts and absorbs the magic of your enemies.
Potions cannot restore your health.


Message History

You hit the yak but do no damage.
The yak looks as sick as possible!
The yak is almost dead.
You block the yak's attack.
You hit the yak.
You kill the yak!
Your Short Blades skill increases to level 5!
You hit the yak.
The yak is poisoned.
The yak is lightly wounded.
The yak gores you!
You hit the yak but do no damage.
The yak looks even sicker.
You bite the yak, but do no damage.
The yak is lightly wounded.
The yak gores you!
* * * LOW HITPOINT WARNING * * *
You hit the yak but do no damage. You bite the yak. You drain its power.
You feel invigorated.
The yak is lightly wounded.
The yak gores you but does no damage.
You hit the yak but do no damage.
The yak looks as sick as possible!
Your bite misses the yak.
The yak is lightly wounded.
Unknown command.
You hit the yak.
The yak looks as sick as possible!
The yak is moderately wounded.
You block the yak's attack.
You hit the yak but do no damage.
The yak looks as sick as possible!
You bite the yak, but do no damage.
The yak is heavily wounded.
The yak completely misses you.
You hit the yak but do no damage.
The yak looks as sick as possible!
The yak is heavily wounded.
The yak gores you!
* * * LOW HITPOINT WARNING * * *
You see here a scroll of noise.
The yak attacks as you move away! The yak gores you!
* * * LOW HITPOINT WARNING * * *
You enter the shallow water.
Moving in this stuff is going to be slow.
The yak gores you!
You die...

~≈♣♣♣≈~≈♣♣♣≈.≈♣♣♣≈.########
~≈≈≈≈≈~≈≈≈≈≈.≈≈≈≈≈.#...Y..#######
~..~....~..~.~....~#.##.......)..
~≈≈≈≈≈.≈≈≈≈≈.≈≈≈≈≈.#(##....#~##..
.≈♣♣♣≈.≈♣♣♣≈.≈♣♣♣≈~..##..###≈≈#~#
~≈♣ ♣≈~≈♣ ♣≈~≈♣ ♣≈.#.##..#~≈≈≈~≈#
~≈♣*♣≈~≈♣♣♣≈~≈♣♣♣≈~#†##.#≈≈#≈≈#≈#
~≈≈≈≈≈.≈≈≈≈≈~≈≈≈≈≈~#.##.#≈≈≈≈≈≈≈≈
....~.~~~.~.~.~~@Y.#?##.#≈≈#≈≈≈#≈
.≈≈≈≈≈.≈≈≈≈≈.≈≈≈≈≈...##.##≈≈≈≈≈≈#
~≈♣♣♣≈,≈*♣♣≈~≈♣♣♣≈~###*,,~≈≈≈#≈≈#
.≈♣ *≈~≈* ♣≈.≈* ♣≈.# *,.#*#≈≈##~
~≈♣♣♣≈~≈**♣≈,~**♣≈~# *,...##~~..
.≈≈≈≈≈~≈~≈≈~,~~~≈≈.#* *,.........
~..~~...~.,,~~~..~~.***,.....Y.(#
.≈≈≈≈≈~≈~~~~~~≈≈≈≈~..,,,....Y.(..
.≈♣♣♣≈.≈***~~≈♣♣♣≈~****,.....(..#


You could see a yak (extremely poisoned).

Vanquished Creatures
  4 yaks (D:4)
  3 scorpions (D:4)
  A hound (D:4)
  A jelly (D:4)
  An orc priest (D:4)
  Ijyb (D:3)
  Natasha (thrice) (D:4)
  Robin (D:2)
  6 adders
  3 worms
  13 orcs
  7 ball pythons
  7 endoplasms
  17 goblins
  10 hobgoblins
  3 jackals
  3 quokkas
  5 bats
  A frilled lizard (D:3)
  8 kobolds
  9 rats
107 creatures vanquished.

Vanquished Creatures (collateral kills)
  An orc wizard (D:4)
  3 orcs (D:4)
4 creatures vanquished.

Vanquished Creatures (others)
  A goblin (D:2)
1 creature vanquished.

Grand Total: 112 creatures vanquished

Notes
Turn   | Place    | Note
-------+----------+-------------------------------------------
     0 | D:1      | zishaf the Vine Stalker Brigand began the quest for the
                  | Orb.
     0 | D:1      | Reached XP level 1. HP: 11/11 MP: 2/2
   157 | D:1      | Reached skill level 1 in Dodging
   157 | D:1      | Reached XP level 2. HP: 15/15 MP: 3/3
   221 | D:1      | Reached skill level 5 in Stealth
   886 | D:2      | Noticed Robin
   992 | D:2      | Reached XP level 3. HP: 12/18 MP: 1/4
  1079 | D:2      | Killed Robin
  1175 | D:2      | Reached skill level 1 in Shields
  1291 | D:2      | Gained mutation: Your natural rate of healing is unusually
                  | fast. [Vine Stalker growth]
  1291 | D:2      | Reached XP level 4. HP: 23/23 MP: 5/5
  1568 | D:2      | Found Peraqaa's Antique Armour Boutique.
  1830 | D:3      | Reached XP level 5. HP: 27/27 MP: 6/6
  2051 | D:3      | Found a faded altar of an unknown god.
  2062 | D:3      | Prayed at the altar of an unknown god.
  2062 | D:3      | Became a worshipper of Ru the Awakened
  2063 | D:3      | Fell from the grace of Ru
  2071 | D:3      | Noticed Ijyb
  2075 | D:3      | Killed Ijyb
  2141 | D:3      | Found a runed translucent gate.
  2144 | D:3      | Noticed elongatedgoose's ghost (amateur SpCj)
  2145 | D:3      | Noticed a kobold brigand
  2146 | D:3      | Found a runed translucent gate.
  2241 | D:3      | Found a runed translucent gate.
  2566 | D:4      | Noticed Natasha
  2573 | D:4      | Killed Natasha
  2606 | D:4      | Noticed Natasha
  2626 | D:4      | Killed Natasha
  2627 | D:4      | Reached skill level 6 in Stealth
  2677 | D:4      | Reached XP level 6. HP: 32/32 MP: 7/7
  2804 | D:4      | Found a sacrificial altar of Ru.
  2804 | D:4      | Found a shimmering altar of Xom.
  2810 | D:4      | Found a faded altar of an unknown god.
  2814 | D:4      | Found a blossoming altar of Fedhas.
  2820 | D:4      | Found a white marble altar of Elyvilon.
  2851 | D:4      | Noticed Natasha
  2861 | D:4      | Killed Natasha
  2927 | D:4      | Noticed a yak
  2927 | D:4      | Noticed a yak
  2928 | D:4      | Noticed a yak
  2928 | D:4      | Noticed a yak
  2984 | D:4      | Killed a yak
  2985 | D:4      | Reached XP level 7. HP: 7/37 MP: 3/8
  3085 | D:2      | Bought a heavily runed leather armour for 168 gold pieces
  3085 | D:2      | Identified the +1 leather armour "Tovin" {Int+6} (You
                  | bought it in a shop on level 2 of the Dungeon)
  3435 | D:4      | Noticed a yak
  3471 | D:4      | Killed a yak
  3472 | D:4      | Gained mutation: You have razor-sharp teeth. [Vine Stalker
                  | growth]
  3472 | D:4      | Reached XP level 8. HP: 37/42 MP: 9/9
  3479 | D:4      | Killed a yak
  3480 | D:4      | Reached skill level 5 in Fighting
  3488 | D:4      | Killed a yak
  3489 | D:4      | Reached skill level 5 in Short Blades
  3500 | D:4      | Slain by a yak

Illustrated notes

Levels and vault maps discovered:
D:1:      eino_arrival_tree_alley, layout_basic, serial_rivers,
          chequers_serial_rivers_micro_b, chequers_serial_rivers_room_a,
          chequers_serial_rivers_micro_d, chequers_serial_rivers_marsh
D:2:      minmay_angry_zag, layout_basic, serial_shops,
          nicolae_shop_advertising_works [nicolae_subvault_shop_adworks],
          chequers_serial_rivers_room_a, hangedman_decor_growths, uniq_robin
D:3:      layout_loops_ring, gammafunk_ghost_nasty_kobolds,
          ebering_ecumenical_altar_mist, uniq_ijyb
D:4:      minmay_spotlight, layout_basic, chequers_temple_overflow_minitemple,
          minivault_4, kennysheep_boxes, uniq_natasha

Skill      XL: |  1  2  3  4  5  6  7  8 |
---------------+-------------------------+-----
Dodging        | 1 |  1.0
Fighting       | 2 3 4 5 |  5.2
Throwing       | 2 |  2.0
Stealth        | 5 6 |  6.0
Short Blades   | 2 3 4 5 |  5.1
Shields        | 1 2 3 4 |  4.5

Action                   |  1- 3 |  4- 6 |  7- 9 || total
-------------------------+-------+-------+-------++-------
Melee: Dagger            |    95 |   124 |    87 ||   306
       Bite              |    20 |    31 |    34 ||    85
       Punch             |     1 |       |       ||     1
Throw: Dart              |     5 |     4 |     7 ||    16
Invok: Renounce Religion |       |     1 |       ||     1
  Use: Scroll            |       |    10 |       ||    10
 Stab: Sleeping          |     6 |    13 |       ||    19
       Distracted        |       |     1 |       ||     1
Armor: Robe              |    18 |       |       ||    18
       Ring mail         |    12 |       |       ||    12
       Animal skin       |       |    29 |    10 ||    39
Dodge: Dodged            |    34 |    23 |    21 ||    78
Block: Kite shield       |    17 |    31 |    24 ||    72

Table legend: (Time is in decaauts)
 A = Elapsed time spent in this place.
 B = Non-inter-level travel time spent in this place.
 C = Inter-level travel time spent in this place.
 D = Time resting spent in this place.
 E = Time spent auto-exploring this place.
 F = Levels seen in this place.
 G = Mean time per level.
                   A        B        C        D        E       F      G
               +--------+--------+--------+--------+--------+-----+--------+
         Total |   3520 |   3229 |    291 |     23 |   2114 |   4 |  880.0 |
       Dungeon |   3520 |   3229 |    291 |     23 |   2114 |   4 |  880.0 |
               +--------+--------+--------+--------+--------+-----+--------+

Top non-repeatable levels by time:
     D:2: 950 daAuts
     D:1: 921 daAuts
     D:4: 867 daAuts
     D:3: 780 daAuts
